 Dungeon Crawl Stone Soup version 0.31-a0-977-gc230f8ef24 (webtiles) character file.

Game seed: 7938289754404562067

77 Shayle the Insei (level 4, -2/25 HPs)
             Began as a Tengu Hexslinger on Oct 29, 2023.
             Killed by nerve-wracking pain
             ... invoked by an orc priest
              (13 damage)
             ... on level 3 of the Dungeon.
             The game lasted 00:02:55 (1772 turns).

Shayle the Insei (Tengu Hexslinger)                 Turns: 1772, Time: 00:02:56

Health: -2/25      AC:  5    Str:  8    XL:     4   Next: 34%
Magic:  4/6        EV: 12    Int: 16    God:
Gold:   192        SH:  0    Dex: 16    Spells: 0/5 levels left

rFire   . . .        q - +5 rapier of the Scorpion {flame, +Blink rElec rPois rC-}
rCold   x . .        (no shield)
rNeg    . . .        g - +0 steam dragon scales
rPois   +            (helmet restricted)
rElec   +            (no cloak)
rCorr   .            (no gloves)
SInv    .            (boots unavailable)
Will    .....        (no amulet)
Stlth   +            (no ring)
HPRegen 0.24/turn    (no ring)
MPRegen 0.10/turn

%: acrobat
@: weak-willed, jinxed
A: beak, talons 3, acrobatic
a: Evoke Blink


You were on level 3 of the Dungeon.
You visited 1 branch of the dungeon, and saw 3 of its levels.

You collected 192 gold pieces.

Inventory:

Hand Weapons
 a - a +1 sling
 q - the +5 rapier of the Scorpion (weapon) {flame, +Blink rElec rPois rC-}
   (You found it on level 3 of the Dungeon)

   rC-:       It makes you vulnerable to cold.
   rElec:     It insulates you from electricity.
   rPois:     It protects you from poison +Blink: It lets you blink.
Armour
 c - a +0 robe
 g - +0 steam dragon scales (worn)
Wands
 l - a wand of mindburst (16)
 p - a wand of flame (22)
Scrolls
 b - a scroll of poison
 d - 4 scrolls of identify {unknown}
 e - a scroll of teleportation {unknown}
 f - a scroll of revelation {unknown}
 h - a scroll of vulnerability {unknown}
 k - a scroll of blinking {unknown}
Potions
 i - 2 potions of lignification {unknown}
 j - a potion of invisibility {unknown}
 m - a potion of might {unknown}
 n - a potion of ambrosia {unknown}
 o - a potion of curing {unknown}


   Skills:
 - Level 1.0 Fighting
 - Level 2.1 Ranged Weapons
 - Level 2.1 Dodging
 + Level 4.1 Unarmed Combat
 - Level 1.0 Spellcasting
 - Level 2.1 Hexes
 + Level 0.5 Summonings
 - Level 1.1 Fire Magic


You couldn't memorise any spells.
You knew the following spells:

 Your Spells              Type           Power      Damage    Failure   Level
a - Jinxbite              Hex            14%        N/A       14%         2
b - Call Canine Familiar  Summ           2%         N/A       50%         3

Your spell library contained the following spells:

 Spells                   Type           Power      Damage    Failure   Level
 Summon Small Mammal      Summ           8%         N/A       19%         1
 Sigil of Binding         Hex            7%         N/A       28%         3
 Inner Flame              Hex/Fire       6%         N/A       34%         3
 Summon Guardian Golem    Hex/Summ       5%         N/A       36%         3
 Cause Fear               Hex            3%         N/A       67%         4
 Dimensional Bullseye     Hex/Tloc       2%         N/A       82%         4


Dungeon Overview and Level Annotations

Branches:
Dungeon (3/15)

Altars:

Annotations:
D:3 3 runed translucent doors, RandomusNamus's ghost, amateur OpCj


Innate Abilities, Weirdness & Mutations

You have a beak for a mouth.
You have claws for feet.
You can magically evade attacks while moving or waiting.


Message History

The rat completely misses you.
You puncture the rat! You burn the rat.
You kill the rat!
You see here a rat corpse.
No target in view!
You see here a rat corpse.
You now have 178 gold pieces (gained 10).
You now have 192 gold pieces (gained 14). 2 orcs come into view.
The orc shouts! x2
The orc completely misses you.
There are monsters nearby!
You closely miss the orc. You claw the orc, but do no damage.
An orc priest comes into view. It is wielding a +0 dagger.
There are monsters nearby!
The orc priest shouts!
You hit the orc. You burn the orc. You claw the orc.
You kill the orc!
An orc priest comes into view. It is wielding a +0 trident.
There are monsters nearby!
You hit the orc. You burn the orc. You claw the orc.
You peck the orc, but do no damage.
The orc is heavily wounded.
The orc closely misses you. The orc attacks as it pursues you!
The orc closely misses you.
You hit the orc. You burn the orc.
You kill the orc!
Cast which spell? (? or * to list)
You beckon some vexing sprites to accompany your attacks.
You feel your willpower being sapped.
The orc priest calls down the wrath of Beogh upon you.
Beogh smites you!
Ouch! That really hurt!
You puncture the orc priest! You burn the orc priest.
Your kick misses the orc priest.
The orc priest is severely wounded.
The orc priest calls down the wrath of Beogh upon you.
Pain shoots through your body!
Ouch! That really hurt!
You die...

.. #.# #. #. #.# #. #
#.# #. #.# #. # #.#
#########. ##.#.####.#
#.........
#..o.)..#.####.#####.##
#.#####o#...##.#####.##
#.@.#..............
#...#†..##..#######
#...#..###..##.....
.#####.#..............
#.............#.##.....
##########.##...##.....
#..####.##..... #.##
#.##...). #.# #........


You could see an orc priest.

Vanquished Creatures
  2 adders (D:2)
  A dart slug (D:2)
  3 orcs (D:3)
  9 ball pythons
  3 endoplasms
  6 goblins
  5 hobgoblins
  2 jackals (D:1)
  4 quokkas
  4 bats
  3 frilled lizards
  A kobold (D:2)
  8 rats
51 creatures vanquished.

Notes
Turn   | Place    | Note
-------+----------+-------------------------------------------
     0 | D:1      | Shayle the Tengu Hexslinger began the quest for the Orb.
     0 | D:1      | Reached XP level 1. HP: 12/12 MP: 3/3
   147 | D:1      | Reached skill level 1 in Unarmed Combat
   216 | D:1      | Reached XP level 2. HP: 10/16 MP: 4/4
   219 | D:1      | Reached skill level 2 in Unarmed Combat
   733 | D:2      | Reached XP level 3. HP: 20/20 MP: 5/5
   744 | D:2      | Reached skill level 3 in Unarmed Combat
  1072 | D:2      | Reached skill level 4 in Unarmed Combat
  1072 | D:2      | Reached XP level 4. HP: 16/25 MP: 6/6
  1355 | D:2      | Learned a level 2 spell: Jinxbite
  1359 | D:2      | Learned a level 3 spell: Call Canine Familiar
  1464 | D:3      | Found a runed translucent gate.
  1464 | D:3      | Found a runed translucent gate.
  1464 | D:3      | Found a runed translucent gate.
  1666 | D:3      | Noticed RandomusNamus's ghost (amateur OpCj)
  1679 | D:3      | Identified the +5 rapier of the Scorpion {flame, +Blink
                  | rElec rPois rC-}
  1772 | D:3      | Killed from afar by an orc priest

Illustrated notes

Levels and vault maps discovered:
D:1:      nzn_arrival_crosshair, layout_basic
D:2:      layout_rooms, minmay_stone_trees_large, st_stairs_12, chequers_jeans,
          minmay_tetromino_i2
D:3:      layout_loops_ring, gammafunk_ghost_icy, serial_park_tiny_2

Skill      XL: |  1  2  3 |
---------------+----------+-----
Unarmed Combat | 1 2 4 |  4.1
Fighting       | |  1.0
Ranged Weapons | |  2.1
Dodging        | |  2.1
Spellcasting   | |  1.0
Hexes          | |  2.1
Summonings     | |  0.5
Fire Magic     | |  1.1

Action                     |  1- 3 |  4- 6 || total
---------------------------+-------+-------++-------
  Melee: Rapier            |       |     6 ||     6
         Kick              |       |     3 ||     3
         Peck              |       |     1 ||     1
   Fire: Sling             |   112 |    12 ||   124
   Cast: Jinxbite          |       |     1 ||     1
 Armour: Robe              |     3 |       ||     3
         Steam dragon scal |    19 |     2 ||    21
  Dodge: Dodged            |    28 |     5 ||    33

Table legend: (Time is in decaauts)
 A = Elapsed time spent in this place.
 B = Non-inter-level travel time spent in this place.
 C = Inter-level travel time spent in this place.
 D = Time resting spent in this place.
 E = Time spent auto-exploring this place.
 F = Levels seen in this place.
 G = Mean time per level.
                   A        B        C        D        E       F      G
               +--------+--------+--------+--------+--------+-----+--------+
         Total |   1808 |   1767 |     41 |     35 |   1414 |   3 |  602.7 |
       Dungeon |   1808 |   1767 |     41 |     35 |   1414 |   3 |  602.7 |
               +--------+--------+--------+--------+--------+-----+--------+

Top non-repeatable levels by time:
     D:1: 740 daAuts
     D:2: 680 daAuts
     D:3: 386 daAuts
